 Dungeon Crawl Stone Soup version 0.23.0 (webtiles) character file.

Game seed: 740746226207578361

810 Infinimo the Ruffian (level 7, -19/63 HPs)
             Began as a Minotaur Berserker on Feb 15, 2019.
             Was an Elder of Trog.
             Killed from afar by Pikel (21 damage)
             ... with a wand of acid (5)
             ... on level 4 of the Dungeon.
             The game lasted 00:05:34 (4225 turns).

Infinimo the Ruffian (Minotaur Berserker)           Turns: 4225, Time: 00:05:34

Health: -19/63     AC:  1    Str: 23    XL:     7   Next: 61%
Magic:  6/6        EV: 12    Int:  5    God:    Trog [****..]
Gold:   508        SH:  0    Dex: 12    Spells: 6/6 levels left

rFire    . . .     SeeInvis .     - Unarmed
rCold    . . .     Gourm    .   (no shield)
rNeg     . . .     Faith    .   a - +0 animal skin
rPois    .         Spirit   .   (helmet restricted)
rElec    .         Reflect  .   (no cloak)
rCorr    .         Harm     .   p - +0 pair of gloves
MR       +....                  j - +0 pair of boots
Stlth    +.........             g - amulet of rage
HPRegen  0.20/turn              s - ring of protection from magic
MPRegen  0.10/turn              t - +3 ring of dexterity

@: corroded
A: retaliatory headbutt, horns 2
a: Berserk, Trog's Hand, Brothers in Arms, Renounce Religion, Evoke Berserk Rage


You were on level 4 of the Dungeon.
You worshipped Trog.
Trog was greatly pleased with you.
You were not hungry.

You visited 1 branch of the dungeon, and saw 4 of its levels.
You also visited: Ossuary.

You collected 508 gold pieces.

Inventory:

Armour
 a - a +0 animal skin (worn)
 c - a cursed +0 large shield
 j - a +0 pair of boots (worn)
 p - a +0 pair of gloves (worn)
Jewellery
 g - an amulet of rage (around neck)
 s - a ring of protection from magic (left hand)
 t - a +3 ring of dexterity (right hand)
Scrolls
 f - 3 scrolls of identify
 i - a scroll of fog
 o - 3 scrolls of remove curse
Potions
 d - 2 potions of berserk rage {unknown}
 e - 2 potions of invisibility {unknown}
 h - 2 potions of haste
 k - 3 potions of degeneration
 l - a potion of might {unknown}
 m - a potion of ambrosia
 n - 4 potions of curing
 q - a potion of agility {unknown}
 r - 3 potions of flight
 u - 2 potions of brilliance {unknown}
Comestibles
 b - 5 rations
 v - 16 chunks of flesh


   Skills:
 + Level 6.2 Fighting
 + Level 5.5 Armour
 - Level 2.1 Dodging
 * Level 7.5 Unarmed Combat


You had 6 spell levels left.
You didn't know any spells.
Your spell library was empty.

Dungeon Overview and Level Annotations

Branches:
Dungeon (4/15)
 Temple: D:4-7

Altars:
Xom

Annotations:
D:4 Pikel


Innate Abilities, Weirdness & Mutations

You reflexively headbutt those who attack you in melee.
You have a pair of horns on your head.


Message History

You are too injured to fight recklessly!
You are too injured to fight recklessly!
You are too injured to fight recklessly!
As you read the scroll labeled FYRAED NUQO, it crumbles to dust.
It is a scroll of enchant weapon.
Really abort (and waste the scroll)? [Y]es or [N]o only, please.
Really abort (and waste the scroll)?
Okay, then.
Pikel says, "You'll fetch a fair price!"
Pikel hits you with a +0 whip of electrocution!
* * * LOW HITPOINT WARNING * * *
Okay, then.
Unknown command.
Unknown command.
You see here 26 bolts.
There is an open door here.
Okay, then.
Pikel zaps a wand.
The bolt of acid hits you!!
You die...

**,,K........,,,*#...........##.#
*,p,.......,,,,*#...........+..#
*,,,,.ooo.,,,,,*#...........##.#
**,,,,ppo,,,,,,*########....##.#
*,,,,#p#######* #.#..##.#
*****#.##..p.# ###..##.#
#)##.##(###### #....##.#
#.o..##K#....#####.##.##..
#######.'@:..)..##.##..#..
###..(.##.##.#*#.#..
#....##.##.###....
#....##..........#
#....#####........ #....#
#........ #....# #......>. ######
#........ ######...


You could see Pikel.

Vanquished Creatures
  Sigmund (D:4)
  A slave (D:4)
  2 orc priests
  2 hounds (D:4)
  3 orc wizards
  An iguana (D:4)
  A worker ant (D:4)
  8 mummies (Ossuary)
  7 gnolls (D:4)
  A howler monkey skeleton (D:4)
  8 adders
  4 worms
  2 leopard geckos
  19 orcs
  11 bats
  4 giant cockroaches
  A gnoll zombie (Ossuary)
  12 goblins
  13 hobgoblins
  3 jackals (D:3)
  2 quokkas
  4 ball pythons
  8 frilled lizards
  A goblin zombie (D:4)
  A hobgoblin zombie (Ossuary)
  12 kobolds
  3 kobold zombies (Ossuary)
  3 orc zombies (Ossuary)
  9 rats
  A rat zombie (D:4)
148 creatures vanquished.

Notes
Turn   | Place    | Note
-------+----------+-------------------------------------------
     0 | D:1      | Infinimo the Minotaur Berserker began the quest for the
                  | Orb.
     0 | D:1      | Reached XP level 1. HP: 19/19 MP: 0/0
   124 | D:1      | Reached XP level 2. HP: 22/27 MP: 1/1
   420 | D:1      | Reached skill level 4 in Unarmed Combat
   447 | D:1      | Reached ** piety under Trog
   495 | D:1      | Reached XP level 3. HP: 33/33 MP: 2/2
  1293 | D:2      | Reached XP level 4. HP: 37/40 MP: 3/3
  1896 | D:3      | Found a shimmering altar of Xom.
  2137 | D:3      | Reached skill level 5 in Unarmed Combat
  2137 | D:3      | Reached XP level 5. HP: 37/47 MP: 4/4
  2312 | D:3      | Reached *** piety under Trog
  2514 | D:3      | Reached skill level 5 in Fighting
  3121 | D:4      | Reached XP level 6. HP: 50/56 MP: 5/5
  3246 | D:4      | Noticed Sigmund
  3253 | D:4      | Killed Sigmund
  3253 | D:4      | Reached skill level 6 in Unarmed Combat
  3270 | D:4      | Reached XP level 7. HP: 28/62 MP: 6/6
  3273 | D:4      | Reached skill level 5 in Armour
  3411 | D:4      | Found a sand-covered staircase.
  3425 | Ossuary  | Entered an ossuary
  3501 | Ossuary  | Reached **** piety under Trog
  3509 | Ossuary  | Reached skill level 7 in Unarmed Combat
  4200 | D:4      | Noticed Pikel
  4216 | D:4      | HP: 1/63 [Pikel/+0 whip of electrocution (10)]
  4225 | D:4      | Killed from afar by Pikel

Skill      XL: |  1  2  3  4  5  6  7 |
---------------+----------------------+-----
Fighting       | 4 5 6 |  6.2
Armour         | 3 4 5 |  5.5
Unarmed Combat | 4 5 6 7 |  7.5
Dodging        | |  2.1

Action                   |  1- 3 |  4- 6 |  7- 9 || total
-------------------------+-------+-------+-------++-------
Melee: Unarmed           |    93 |   137 |   105 ||   335
       Headbutt          |    11 |    23 |    20 ||    54
       Punch             |     2 |     3 |     2 ||     7
Invok: Berserk           |     1 |     2 |     1 ||     4
  Use: Scroll            |       |    14 |     1 ||    15
 Stab: Sleeping          |       |     1 |       ||     1
  Eat: Chunk             |     2 |     8 |     1 ||    11
       Ration            |       |       |     1 ||     1
Armor: Animal skin       |    15 |    26 |    11 ||    52
Dodge: Dodged            |    82 |    80 |    44 ||   206
